[Event "4th Tata Steel India Rapid Open 2022"]
[Site "Kolkota"]
[Date "2022.11.29"]
[Round "1.1"]
[White "Nihal Sarin"]
[Black "Nakamura, Hikaru"]
[Result "1/2-1/2"]
[ECO "A28"]
[WhiteElo "2670"]
[BlackElo "2768"]
[Annotator "TA"]
[PlyCount "56"]
[EventDate "2022.11.29"]
[EventType "tourn"]
[EventCountry "IND"]
[SourceTitle "playchess.com"]
[Source "ChessBase"]
[SourceQuality "1"]
[TimeControl "900+10"]

1. c4 Nf6 2. Nc3 e5 3. Nf3 Nc6 4. d3 Bb4 5. Bd2 O-O 6. g3 Nd4 {[%emt 0:00:11] A28: English Opening: Four Knights Variation.} 7. Bg2 Re8 {[%emt 0:00:25] [#]} (7... Nxf3+ $11 8. Bxf3 c6) 8. Nxd4 $1 $16 exd4 {[%emt 0:00:11] White is better.} 9. Nb5 Bxd2+ 10. Qxd2 d5 {[%emt 0:00:00] [#]} 11. cxd5 $146 (11. c5 $16) ({Predecessor:} 11. c5 Bg4 12. Nxd4 Qe7 13. Rc1 Qe5 14. Nf3 Qe6 15. h3 Bxf3 16. Bxf3 Rad8 17. Kf1 {1-0 (34) Marek,S (2393)-Korbela,L (2345) Slovakia 2002}) 11... Bh3 $1 $11 12. Bxh3 Qxd5 {[%emt 0:00:03] [#]} 13. O-O Qxb5 14. Bg2 c6 15. a4 Qf5 16. b4 a6 17. Qb2 Rad8 18. b5 axb5 {[%emt 0:00:19] The position is equal.} 19. axb5 Qxb5 20. Qxb5 cxb5 21. Ra2 Nd5 22. Bxd5 Rxd5 {[%emt 0:00:01][%mdl 4096] Endgame KRR-KRR} 23. Rb1 h5 24. Rab2 h4 25. Kg2 hxg3 26. hxg3 Rde5 27. Rxb5 Rxb5 28. Rxb5 Rxe2 {[%emt 0:00:02] Weighted Error Value: White=0.09 (flawless) /Black=0.12 (very precise)} 1/2-1/2

[Event "4th Tata Steel India Rapid Open 2022"]
[Site "Kolkota"]
[Date "2022.11.29"]
[Round "1.2"]
[White "Abdusattorov, Nodirbek"]
[Black "Erigaisi Arjun"]
[Result "0-1"]
[ECO "C02"]
[WhiteElo "2713"]
[BlackElo "2718"]
[Annotator "TA"]
[PlyCount "76"]
[EventDate "2022.11.29"]
[EventType "tourn"]
[EventCountry "IND"]
[SourceTitle "playchess.com"]
[Source "ChessBase"]
[SourceQuality "1"]
[TimeControl "900+10"]

1. e4 e6 2. d4 d5 3. e5 c5 4. c3 Nc6 5. Nf3 Bd7 6. Be2 f6 7. O-O fxe5 8. Nxe5 Nxe5 9. dxe5 Qc7 10. c4 {[%emt 0:01:56] 10.Re1 deserves study.} Qxe5 11. cxd5 {[%emt 0:01:51] C02: French: Advance Variation.} O-O-O $1 12. Nc3 Nf6 13. Re1 {[%emt 0:05:04] The position is equal.} exd5 $40 {[%emt 0:00:28][%mdl 128] [#] Black is up to no good.} 14. Bb5 $146 (14. Bc4 $11 Qf5 15. Bxd5) ({Predecessor:} 14. Bf3 Qf5 15. b4 c4 16. Bb2 Bxb4 17. Nxd5 Nxd5 18. Re5 Qd3 19. Rxd5 Qxd1+ 20. Raxd1 {0-1 (58) Hnatovsky,N (2350)-Bonatti,W (2379) IECG email 2006}) 14... Qc7 (14... Qd6 $5 ) 15. Bg5 Bd6 (15... d4 {with more complications.} 16. Bxf6 gxf6 17. Nd5 Qd6) 16. g3 (16. Rc1 {is more complex.} Bxh2+ 17. Kh1 Ng4 18. Bxd7+ Qxd7 19. Qa4) 16... Bxb5 17. Nxb5 Qb6 18. Nxd6+ ({Better is} 18. Qd3 $14) 18... Qxd6 $11 19. Rc1 (19. Qa4 $11) 19... b6 $1 $15 20. b4 c4 21. Qf3 (21. b5 $17) 21... Rhe8 $19 (21... Qxb4 22. Rxc4+ (22. Bxf6 gxf6 23. Qxf6 Rhf8 $17) 22... Qxc4 23. Rc1 $15) 22. Red1 {[%emt 0:00:29] And now Rxc4+ would win.} Qxb4 ({Black should try} 22... Re4 $1 $17 {Threatens to win with ...h6.} 23. a4 Kb7) 23. Kg2 $2 {[%emt 0:00:52] [#] White does not recover from this.} (23. Bxf6 $11 {and White stays safe.} gxf6 24. Rxd5) 23... Re5 $1 24. Bf4 (24. a3 $142 Qb5 25. Bxf6 gxf6 26. Rd4) 24... Re4 25. Bg5 Qe7 26. a4 h6 27. Be3 Ng4 28. Bf4 Ne5 29. Qh5 Kb7 30. a5 Rxf4 31. gxf4 {[%emt 0:00:03] Hoping for Re1.} Nd3 {[%emt 0:00:02] Inhibits Re1. Chess con chili.} 32. a6+ $2 (32. Rxd3 cxd3 33. axb6 axb6 34. Rd1) 32... Kxa6 {[%emt 0:00:12] Black is clearly winning.} 33. Ra1+ Kb7 34. Qf3 Qe4 35. Kg3 Rf8 {[%emt 0:00:42] ...Qg6+ is the strong threat.} 36. Qg4 {[%emt 0:00:06] Prevents Qg6.} (36. Qxe4 $142 dxe4 37. Ra2) 36... Qxf4+ (36... Rxf4 $2 37. Qd7+ Kb8 38. Qd8+ Kb7 39. Qd7+ Kb8 40. Qxa7+ Kc8 41. Qa8+ Kd7 42. Ra7+ Ke6 43. Qe8+ Kd6 44. Qd8+ Kc5 45. Qc7+ Kb5 46. Rb1+ (46. Qxg7 $2 Qf3#) 46... Nb4 47. Rxb4+ (47. Qxf4 $2 {too greedy.} Qxb1 48. Qf7 c3 $19) 47... Kxb4 48. Qxb6+ Kc3 49. Ra3+ Kc2 50. Ra2+ Kd3 51. Qb1+ Kd4 52. Qb2+ c3 53. Ra4+ Kd3 54. Qb5+ $18 (54. Rxe4 $2 {loses.} cxb2 55. Re3+ Kc4 $19) (54. Rxe4 $2 cxb2 55. Re3+ Kc4 $19)) 37. Qxf4 Nxf4 ({Not} 37... Rxf4 {[#]} 38. Rxd3 $1 Rf5 39. Rf3 Rg5+ 40. Kf4 $16) 38. Kf3 d4 {[%emt 0:00:34] Weighted Error Value: White=0.47/Black=0.26 (precise)} 0-1

[Event "4th Tata Steel India Rapid Open 2022"]
[Site "Kolkota"]
[Date "2022.11.29"]
[Round "1.3"]
[White "Vidit, Santosh Gujrathi"]
[Black "Maghsoodloo, Parham"]
[Result "1/2-1/2"]
[ECO "B22"]
[WhiteElo "2724"]
[BlackElo "2720"]
[Annotator "TA"]
[PlyCount "68"]
[EventDate "2022.11.29"]
[EventType "tourn"]
[EventCountry "IND"]
[SourceTitle "playchess.com"]
[Source "ChessBase"]
[SourceQuality "1"]
[TimeControl "900+10"]

1. e4 c5 2. c3 Nf6 3. e5 Nd5 4. Nf3 e6 5. d4 cxd4 6. cxd4 d6 7. Bc4 Nb6 8. Bd3 Nc6 $1 {[%emt 0:00:40] The main line 8...Nc6 scores better than 8...dxe5.} 9. O-O dxe5 {[%emt 0:01:47] B22: Sicilian: 2 c3.} 10. dxe5 Nb4 11. Be4 Qxd1 {[%emt 0:00:04] White is slightly better.} 12. Rxd1 Bd7 13. Nc3 {[%emt 0:01:09] White is more active.} ({White should try} 13. Bxb7 $14 Nc2 14. Bxa8 Nxa8 {[#]} 15. Be3 $1 (15. Rxd7 $2 Kxd7 16. Ng5 Ke8 $19)) 13... Bc6 $1 $11 {[%emt 0:00:40] The position is equal.} 14. Bxc6+ Nxc6 15. Nb5 {[%emt 0:01:17] [#] And now Nc7+ would win.} Nd5 {[%emt 0:00:06] Inhibits Nc7+.} 16. Rxd5 exd5 17. Nc7+ Kd7 18. Nxa8 Be7 19. Bg5 Rxa8 20. Rd1 h6 21. Bxe7 (21. Rxd5+ $2 {loses.} Ke6 22. Rb5 Bxg5 $19) 21... Nxe7 {[%emt 0:00:02][%mdl 4096] Endgame KRN-KRN} 22. Nd4 {[%emt 0:00:15] [#]} Rc8 $146 ({Predecessor:} 22... Ng6 23. Nf5 Rg8 24. Re1 Rc8 25. Nxg7 Nxe5 26. h4 Nf3+ 27. gxf3 Rg8 28. Re5 Rxg7+ {1-0 (48) Mosadeghpour,M (2479)-Tahbaz,A (2297) Rasht 2015}) 23. f4 a6 24. Kf2 g6 25. g4 Rc4 26. b3 Rc3 27. Rd2 Nc6 28. Nf3 Ke6 29. h4 b5 30. Ke2 b4 31. Rd3 Rc2+ 32. Rd2 Rc3 33. Rd3 Rc2+ 34. Rd2 Rc3 {[%emt 0:00:02] Weighted Error Value: White=0.06 (flawless) /Black=0.02 (flawless)} 1/2-1/2

[Event "4th Tata Steel India Rapid Open 2022"]
[Site "Kolkota"]
[Date "2022.11.29"]
[Round "1.4"]
[White "Gukesh D"]
[Black "Mamedyarov, Shakhriyar"]
[Result "0-1"]
[ECO "E11"]
[WhiteElo "2725"]
[BlackElo "2741"]
[Annotator "TA"]
[PlyCount "90"]
[EventDate "2022.11.29"]
[EventType "tourn"]
[EventCountry "IND"]
[SourceTitle "playchess.com"]
[Source "ChessBase"]
[SourceQuality "1"]
[TimeControl "900+10"]

1. d4 Nf6 2. c4 e6 3. Nf3 Bb4+ 4. Nbd2 d5 5. e3 O-O 6. a3 Be7 7. b4 a5 8. b5 {[%emt 0:00:02] E11: Bogo-Indian.} c5 9. bxc6 bxc6 10. Be2 {[%emt 0:00:46] The position is equal.} Nbd7 11. O-O c5 12. Bb2 Bb7 {[%emt 0:01:08][%cal Bc8b7,Bb7d5,Bd5b3][%mdl 32] [#]} 13. Qc2 $146 ({Predecessor:} 13. Rc1 cxd4 14. Nxd4 Nc5 15. Nb5 Qd7 16. Nf3 dxc4 17. Bxc4 Qxd1 18. Rfxd1 Rfd8 19. Bd4 {½-½ (25) Tomaszewski,K (2185)-Zakrzewski,M (2233) Jastrzebia Gora 2016}) 13... dxc4 14. Nxc4 Rc8 15. Rfd1 Bd5 16. Qa4 Nb6 17. Nxb6 Qxb6 18. Bc3 {[%emt 0:01:21] [#] Loses the game.} (18. Qb5 $1 $11 {and White stays safe.} Qxb5 19. Bxb5) 18... Bb3 $1 $36 {[%emt 0:00:29][%mdl 2048] Black is really pushing.} 19. Bxa5 (19. Qxa5 {was called for.} Qxa5 20. Bxa5 Bxd1 21. Rxd1) 19... Bxa4 20. Bxb6 Bxd1 21. Bxd1 Nd5 {[%emt 0:00:05] Inhibits a4.} 22. Bxc5 Bxc5 23. dxc5 Rxc5 24. Nd4 Nc3 25. Bf3 e5 26. Nf5 (26. Ne2 {keeps fighting.}) 26... Rb8 27. g4 Rb1+ 28. Rxb1 Nxb1 {[%emt 0:00:02][%mdl 4096] Endgame KRN-KBN} 29. Nd6 Nxa3 30. h4 Nc4 31. Ne4 Ra5 32. Be2 Ra4 33. Nc3 Ra3 34. Nd5 Nd6 35. Kg2 Kf8 36. Bf3 Rd3 {[%emt 0:00:11] [#] Hoping for ...e4.} 37. Nb4 Rd2 {[%emt 0:00:06] Threatens to win with ...e4.} 38. Kg3 $2 (38. Bc6) 38... h5 {[%emt 0:00:31] Black is clearly winning.} 39. gxh5 Nf5+ 40. Kg4 Rxf2 41. Nd3 Nxe3+ 42. Kg3 Rd2 43. Nxe5 Rd4 44. Kf2 Nf5 45. Bg4 Re4 {[%emt 0:00:32] Weighted Error Value: White=0.31/Black=0.11 (very precise)} 0-1

[Event "4th Tata Steel India Rapid Open 2022"]
[Site "Kolkota"]
[Date "2022.11.29"]
[Round "1.5"]
[White "Sethuraman, S.P."]
[Black "So, Wesley"]
[Result "1/2-1/2"]
[ECO "C22"]
[WhiteElo "2643"]
[BlackElo "2760"]
[Annotator "TA"]
[PlyCount "39"]
[EventDate "2022.11.29"]
[EventType "tourn"]
[EventCountry "IND"]
[SourceTitle "playchess.com"]
[Source "ChessBase"]
[SourceQuality "1"]
[TimeControl "900+10"]

1. e4 e5 2. d4 exd4 3. Qxd4 Nc6 4. Qc4 Nf6 5. Nc3 Bb4 6. Bd2 {[%emt 0:00:03] C22: Centre Game.} O-O 7. O-O-O $1 d6 8. f3 Be6 (8... a5 $5) 9. Qe2 (9. Qb5 {feels hotter.} a6 10. Qg5 d5 11. exd5 Nxd5 12. Nxd5 Bxd5 13. Qxd8 Bxd2+ 14. Rxd2 Raxd8 15. a3) 9... a5 10. a3 Bc5 {[%emt 0:00:34] [#]} 11. Be3 $146 {[%emt 0:00:56] [#] Threatens to win with Bxc5.} ({Predecessor:} 11. g4 b5 12. Nxb5 Ne5 13. Bc3 Nfd7 14. Nh3 Qc8 15. Nd4 Nb6 16. Nb3 Bc4 17. Qg2 {0-1 (72) Charochkina,D (2356)-Nasyrova,E (2171) Sochi 2020}) 11... Bc4 12. Qf2 Bxe3+ 13. Qxe3 Bxf1 14. Rxf1 d5 {[%emt 0:00:57] [#] Strongly threatening ...d4.} (14... Rb8 $5 ) 15. Rd1 d4 16. Qf4 (16. Qf2 $5) 16... Nh5 17. Qg4 Nf6 (17... g6 $5 18. f4 Qe8 $15) 18. Qf4 Nh5 19. Qg4 Nf6 (19... g6 $5 20. f4 f5 21. exf5 Rxf5 $11) 20. Qf4 {[%emt 0:01:17] A balanced but interesting game.   Weighted Error Value: White=0.03 (flawless) /Black=0.08 (flawless)} 1/2-1/2

[Event "4th Tata Steel India Rapid Open 2022"]
[Site "Kolkota"]
[Date "2022.11.29"]
[Round "2.1"]
[White "Mamedyarov, Shakhriyar"]
[Black "Sethuraman, S.P."]
[Result "1-0"]
[ECO "D48"]
[WhiteElo "2741"]
[BlackElo "2643"]
[Annotator "TA"]
[PlyCount "63"]
[EventDate "2022.11.29"]
[EventType "tourn"]
[EventCountry "IND"]
[SourceTitle "playchess.com"]
[Source "ChessBase"]
[SourceQuality "1"]
[TimeControl "900+10"]

1. d4 d5 2. c4 c6 3. Nc3 Nf6 4. e3 e6 5. Nf3 Nbd7 6. Bd3 dxc4 7. Bxc4 b5 8. Bd3 Bb7 9. O-O a6 10. e4 c5 11. d5 c4 12. Bc2 Qc7 13. dxe6 fxe6 14. Ne2 {[%emt 0:00:08] D48: Semi-Slav: Meran System: 7...b5 8 Bd3 a6.} (14. Ng5 {is more complex.} Nc5 15. e5 Qxe5 16. Re1) 14... Nc5 15. Ned4 (15. Bf4 $14 {keeps the upper hand.} Qb6 16. Be3) 15... e5 $1 $17 (15... Bxe4 16. Bxe4 Nfxe4 17. b4 $14) (15... Nfxe4 16. b4 $14) 16. Nf5 {[%emt 0:00:13] Black is better.} g6 {[%emt 0:01:44] Against b3} (16... Ncxe4 $17 17. Be3 g6 18. Bxe4 Nxe4) 17. Ng3 $11 {[%emt 0:00:59] [#]} (17. Bg5 Nfxe4 18. Ng3 Nxg5 19. Nxg5 Be7 $17) 17... Ne6 $146 (17... Bxe4 $2 18. Nxe4 Nfxe4 19. Bxe4 $18) ({Predecessor:} 17... Bg7 18. b3 Nfxe4 19. Nxe4 Nxe4 20. bxc4 O-O 21. Bb2 bxc4 22. Qe2 Nd6 23. Nxe5 Rae8 24. Qe3 Bxg2 25. Rfe1 Ba8 26. Rab1 Bxe5 27. Bxe5 Qc6 {½-½ (27) Mihajlov,S (2356)-Sandipan,C (2572) Barcelona 2016}) 18. b3 c3 19. a3 b4 20. Bd3 {[%emt 0:01:09] Threatens to win with Bc4.} Be7 (20... O-O-O $11 {keeps the balance.}) 21. axb4 {[%emt 0:01:04] Strongly threatening Bc4.} Bxb4 (21... Rd8 $142) 22. Bc4 $16 Nf4 23. Bxf4 exf4 {[%emt 0:00:02] [#]} 24. Ne2 {[%emt 0:00:02] aiming for Ned4.} Rd8 {[%emt 0:00:57] [#]} (24... Nxe4 $2 25. Qd4 Rf8 26. Bd5 (26. Bxa6 Rxa6 27. Rxa6 Bc5 $16)) (24... Qd6 $16 {was worth a try.}) 25. Qc1 $1 $18 Nxe4 26. Nxf4 {[%emt 0:00:32] Hoping for Ne6.} Rd2 $2 (26... Rf8 {is a better chance.} 27. Ne6 (27. Bxa6 Qxf4 28. Bxb7 Qxc1 $15) 27... Qe7) 27. Ne6 $2 ({Not} 27. Bxa6 O-O 28. Bc4+ (28. Nxd2 Nxd2 29. Ne6 Qc6 $11) 28... Kh8 $11) (27. Nxd2 $18 {and the rest is easy.} Nxd2 28. Re1+ Kd7 29. Nd3) 27... Qc6 (27... Qd6 $16) 28. Bxa6 {[%emt 0:01:08] Dancing on a razor blade.} Ke7 $2 {[%emt 0:01:53][%mdl 8192] This move loses the game for Black.} 29. Ned4 {[%emt 0:00:39] Pair of Knights! White is clearly winning.} Qd5 30. Bxb7 Qxb7 {[%emt 0:00:16] [#]} 31. Ra7 $3 Qxa7 32. Nc6+ {[%emt 0:00:01] Weighted Error Value: White=0.48/Black=0.64} 1-0

[Event "4th Tata Steel India Rapid Open 2022"]
[Site "Kolkota"]
[Date "2022.11.29"]
[Round "2.2"]
[White "Maghsoodloo, Parham"]
[Black "Gukesh D"]
[Result "0-1"]
[ECO "E11"]
[WhiteElo "2720"]
[BlackElo "2725"]
[Annotator "TA"]
[PlyCount "120"]
[EventDate "2022.11.29"]
[EventType "tourn"]
[EventCountry "IND"]
[SourceTitle "playchess.com"]
[Source "ChessBase"]
[SourceQuality "1"]
[TimeControl "900+10"]

1. d4 Nf6 2. c4 e6 3. Nf3 d5 4. g3 Bb4+ 5. Bd2 Be7 6. Bg2 O-O 7. O-O c6 8. b3 Nbd7 {[%emt 0:00:30] E11: Bogo-Indian.} 9. Nc3 {[%emt 0:00:19] 9.Nc3 scores better than 9.Bc3.} Ne4 $5 {[%emt 0:00:46][%mdl 4] A promising side line.} 10. Nxe4 dxe4 {[%emt 0:00:02] White has an edge.} 11. Ne5 {[%emt 0:00:01] [#]} f5 $146 (11... Nb6 {seems wilder.} 12. Qc2 f6 13. Bxe4 fxe5 14. Bxh7+ Kh8) ({Predecessor:} 11... Nf6 12. Bg5 c5 13. e3 Qc7 14. Bxf6 gxf6 15. Ng4 f5 16. Nh6+ Kg7 17. Qh5 Qd8 {0-1 (40) Koloditsova,R (1908)-Havalda,S (1585) Trnava 2022}) 12. Bf4 Bf6 13. h4 Qe7 14. Qc1 c5 15. e3 b6 16. Rd1 cxd4 17. exd4 Bb7 18. Nxd7 Qxd7 19. Be5 Rad8 20. Qf4 Bxe5 21. Qxe5 Qd6 22. Qxd6 Rxd6 23. c5 Rd5 24. Rac1 Rfd8 {[%emt 0:00:02] Threatens to win with ...bxc5.} 25. cxb6 axb6 26. Rc7 R8d7 (26... Rxd4 $2 27. Rxd4 Rxd4 28. Rxb7 $18) 27. Rxd7 Rxd7 $15 {[%emt 0:00:01][%mdl 4096] Endgame KRB-KRB} 28. Bf1 Kf7 29. Rc1 {[%emt 0:01:46] Inhibits e5.} Kf6 (29... Rxd4 $2 30. Rc7+ Kf6 31. Rxb7 $18) 30. Rc4 Bd5 31. Rb4 Rd6 32. a4 h6 (32... g5 $17) 33. Bc4 g5 34. hxg5+ hxg5 35. Kf1 (35. Bxd5 $15 exd5 36. Rb5) 35... f4 $1 $17 {[%emt 0:00:19] aiming for ...Kf5.} 36. gxf4 $2 ({Better is} 36. Bxd5 $15 exd5 37. g4) 36... gxf4 $19 37. Ke2 {[%emt 0:00:21] [#]} (37. Bxd5 $17 exd5 38. f3) 37... Bxc4+ $2 (37... Kg5 $1 $19 {Strongly threatening ...Kg4.} 38. Ke1 Kh4) 38. Rxc4 {[%emt 0:00:01] KR-KR} e5 39. d5 {[%emt 0:01:38][%mdl 8192] [#]} (39. dxe5+ $1 $11 {and White is okay.} Kxe5 40. Rc3) 39... Kf5 $1 40. Rc6 $2 (40. Rc8 Rxd5 41. Rf8+ Ke6 42. Rb8) 40... Rxd5 41. Rxb6 f3+ 42. Ke1 e3 $2 (42... Rd7 $19 {...Rh7 is the strong threat.} 43. Rh6 Rb7 44. Rh5+ Ke6 45. Rh6+ Kd5) 43. fxe3 $11 Ke4 44. Rb5 $1 Rd3 (44... Rxb5 45. axb5 f2+ 46. Kxf2 Kd5 47. b6 Kd6 48. Kf3 Kd7 49. Ke4) 45. a5 $2 {[%emt 0:00:02][%mdl 8192] Black keeps a firm grip on the game.} (45. Kf2 $11 Rd2+ 46. Kf1) 45... Rxe3+ 46. Kf1 Rc3 47. a6 Rc1+ 48. Kf2 Rc2+ 49. Kf1 Ra2 50. Rb4+ Ke3 51. Ra4 Rh2 52. Kg1 f2+ (52... Rh7 $142 53. Ra2 Rg7+ 54. Kf1 Rc7 55. Kg1 Rc1+ 56. Kh2 f2 57. a7 f1=Q 58. a8=Q Qf4+ 59. Kg2 Qg4+ 60. Kh2 Qh5+ 61. Kg3 Qg6+ 62. Kh3 Rc7 63. Ra7 Qf5+ 64. Kh4 Qf4+ 65. Kh5 Qf7+ 66. Kh6 Qg7+ 67. Kh5 Qh7+ 68. Kg4 Qg7+ 69. Kf5 Qf7+ 70. Kg5 Rxa7 71. Qc6 Qf4+ 72. Kg6 Qg4+ 73. Kf6 Qg7+ 74. Kf5 Rf7+ 75. Ke6 Rf6+ 76. Kd5 Qg2+ 77. Kc5 Rxc6+ 78. Kb4 Rb6+ 79. Ka5 Rxb3 80. Ka6 Qa8#) 53. Kxh2 $19 f1=Q {[%emt 0:00:01] ( -> ...Qf2+). KQ-KR} (53... f1=R 54. a7 Rf7 55. a8=Q Rh7+ 56. Kg3 Rg7+ 57. Kh4 Rh7+ 58. Kg5 Rg7+ 59. Kf6) 54. a7 Qf2+ 55. Kh3 Qf3+ 56. Kh4 Qa8 57. b4 e4 {[%emt 0:00:01] Black mates.} 58. b5 Kf4 59. Kh5 Kf5 60. Kh6 Qh8# {[%emt 0:00:04] Weighted Error Value: White=0.54/Black=0.46} 0-1

[Event "4th Tata Steel India Rapid Open 2022"]
[Site "Kolkota"]
[Date "2022.11.29"]
[Round "2.3"]
[White "Nakamura, Hikaru"]
[Black "So, Wesley"]
[Result "0-1"]
[ECO "D38"]
[WhiteElo "2768"]
[BlackElo "2760"]
[Annotator "TA"]
[PlyCount "180"]
[EventDate "2022.11.29"]
[EventType "tourn"]
[EventCountry "IND"]
[SourceTitle "playchess.com"]
[Source "ChessBase"]
[SourceQuality "1"]
[TimeControl "900+10"]

1. d4 d5 2. c4 e6 3. Nc3 Nf6 4. cxd5 exd5 5. Bg5 Bb4 6. Nf3 h6 7. Bh4 O-O 8. e3 Bf5 9. Be2 Nbd7 10. Nd2 (10. Qb3 $5 Ba5 11. Bg3 $11) 10... c6 11. Bg3 Qe7 12. Qb3 Nb6 13. O-O Rfe8 14. a3 Bd6 15. Bxd6 Qxd6 16. a4 Rab8 17. a5 (17. Rfc1 {is interesting.} Ng4 18. Nf1 Nf6 19. a5) 17... Nbd7 18. Qa3 Qe6 19. Rfe1 Ne4 20. Ncxe4 Bxe4 21. a6 b6 22. Rac1 Bf5 23. b4 Qg6 24. Rc3 Re6 25. Rec1 Rbe8 26. Bf1 (26. Nf1 $5 ) 26... b5 27. Qa5 Nb6 28. Nf3 Nc4 29. Qc7 R6e7 30. Qg3 (30. Qf4 $5 Be4 31. Ne5 $11) 30... Qxg3 31. hxg3 Rb8 32. Ra1 Rb6 33. Ne1 Bc8 34. Rc2 Rxa6 ({Much weaker is} 34... Bxa6 35. Nd3 $11) 35. Rxa6 Bxa6 36. Nd3 Bc8 37. Ra2 Kf8 38. Nc5 Nd6 39. Bd3 Ke8 40. Kf1 Kd8 41. Ke2 a6 42. f3 f5 43. Kd2 Ra7 44. Kc3 Kc7 45. Ra1 Kb6 46. Nb3 Re7 47. Re1 Nb7 48. Bc2 a5 49. Bd3 (49. Nxa5 $17 Nxa5 50. bxa5+ Kxa5 51. Kd2) 49... a4 $19 50. Nc5 Nxc5 51. dxc5+ Kc7 52. Kd4 Kd8 53. Bb1 Ke8 54. Rh1 Kf7 55. Rh5 Kg6 56. Rh1 Kg5 57. Bc2 Bd7 58. Rh4 h5 59. Rh1 Be8 60. Bd3 Bf7 61. Bb1 Kf6 62. Rh2 Re8 63. Rh1 Rh8 64. Bc2 Be6 65. Bd3 Rh6 66. f4 Bf7 67. Be2 Rh8 68. Bd3 (68. Bf3 {was necessary.}) 68... g5 69. Bc2 $2 (69. Rf1 gxf4 70. gxf4) 69... Rg8 $19 70. Rh2 a3 71. Bb3 Re8 72. Bc2 a2 73. Rh1 Ra8 74. Ra1 Ra3 75. Bd1 Bg6 76. Be2 (76. fxg5+ $142 Kxg5 77. Be2) 76... gxf4 $19 77. gxf4 h4 78. Bf3 Bf7 79. Bd1 Be8 80. Be2 Bd7 81. Bd1 Be6 82. Bc2 Bg8 83. Bd1 Bf7 84. Bf3 Ra4 85. Kc3 h3 86. gxh3 d4+ 87. Kc2 dxe3 88. Kc3 Ra3+ 89. Kd4 Rb3 (89... Bc4 $142 90. Be4 e2 91. Bc2 Rf3 92. Re1 Rf1 93. Bd3 Rxe1 94. Ke3 a1=Q 95. Kf3 Rf1+ 96. Kg2 e1=Q 97. Bxf1 Qb2+ 98. Kh1 Qxf1#) 90. Rxa2 Rxb4+ 0-1

[Event "4th Tata Steel India Rapid Open 2022"]
[Site "Kolkota"]
[Date "2022.11.29"]
[Round "2.4"]
[White "Erigaisi Arjun"]
[Black "Vidit, Santosh Gujrathi"]
[Result "1/2-1/2"]
[ECO "A06"]
[WhiteElo "2718"]
[BlackElo "2724"]
[Annotator "TA"]
[PlyCount "71"]
[EventDate "2022.11.29"]
[EventType "tourn"]
[EventCountry "IND"]
[SourceTitle "playchess.com"]
[Source "ChessBase"]
[SourceQuality "1"]
[TimeControl "900+10"]

1. b3 d5 2. Bb2 c5 3. Nf3 f6 4. e4 dxe4 5. Nh4 g6 {[%emt 0:00:28] [#]} (5... Nh6 {simplifies} 6. Nc3 e6 7. d3 exd3 8. Bxd3 Nf7) 6. Qe2 $146 {[%emt 0:04:07] A06: Réti Opening: 1 Nf3 d5.} ({White should try} 6. Nc3 $11) ({Predecessor:} 6. Nc3 e5 7. Bb5+ Bd7 8. Bxd7+ Nxd7 9. Nxe4 Nh6 10. Nf3 Nf7 11. Qe2 Bg7 12. h4 {1-0 (71) Travadon,L (2424)-Alekseenko,K (2696) Chess.com INT 2020}) 6... Bg7 {[%emt 0:00:59] Strongly threatening ...g5.} 7. Qxe4 f5 {[%emt 0:02:12][%cal Og7b2] Hoping for ...Bxb2!} (7... Nc6 {simplifies} 8. Nc3 f5 9. Qc4 e5) 8. Qa4+ Bd7 9. Bxg7 (9. Qa3 $11 {and White is okay.} Bxb2 10. Qxb2) 9... Bxa4 $19 10. bxa4 {[%emt 0:00:02] [#]} Nf6 $1 11. Bxh8 Qd4 12. Nc3 Qxh4 13. Rb1 Nbd7 14. Rxb7 Kf7 15. Bxf6 Nxf6 16. Be2 Qd4 17. a5 (17. Bf3 {was necessary.}) 17... Ne4 18. O-O Nxd2 (18... Qxd2 $2 19. Bc4+ Kf8 20. Nxe4 fxe4 21. Bb3 $19) 19. Nb5 Qa4 (19... Qd5 $2 20. a6 $19) 20. Rd1 Qxc2 21. a6 (21. Nxa7 {was worth a try.} Qe4 22. Nc6 Qxc6 23. Rb6) 21... Rd8 {[%emt 0:00:16][%cal Od2e4] And now ...Ne4! would win.} 22. h3 {[%emt 0:01:30] [#]} Nf3+ 23. gxf3 Rxd1+ 24. Bxd1 Qxd1+ {[%emt 0:00:01][%mdl 4096] Endgame KQ-KRN} 25. Kg2 Qa4 26. Nc7 c4 ({Not} 26... Qxa2 27. Rxa7 c4 28. Nd5 $17) 27. Rxa7 c3 {[%emt 0:00:00][%cal Oc3c2] ( -> ...c2!)} ({And not} 27... Qxa2 28. Nd5 Ke6 29. Nb4 $17) 28. Nd5 Qc6 $2 ({Worse is} 28... Qxa2 29. Rxe7+ Kf8 30. Nb4 $15) (28... Qa5 $19 29. Rxe7+ Kf8) 29. Rxe7+ $11 {[%emt 0:00:23] The position is equal.} Kf8 30. Nb4 c2 31. Nxc6 {[%emt 0:00:09][%cal Oa6a7] Intending a7! and mate. Chess con chili.} c1=Q 32. a7 (32. Re6 $5 Qg5+ $8 33. Kh1 Qc1+ 34. Kg2 Qg5+ 35. Kh2 Qf4+ 36. Kg2 Qg5+ $11) 32... Qg5+ $1 33. Kf1 (33. Kh1 $5 Qc1+ $8 34. Kh2 Qxc6 35. Rxh7 $18) 33... Qc1+ 34. Kg2 Qg5+ $1 (34... Qxc6 35. Rxh7 Kg8 36. Rc7) 35. Kh1 (35. Kf1 $5 Qc1+ $8 36. Kg2 $11) 35... Qc1+ 36. Kg2 {[%emt 0:00:04] Black had all chances to win.   Weighted Error Value: White=0.44/Black=0.47} 1/2-1/2